 Dungeon Crawl Stone Soup version 0.27-a0-1140-g099f9bb0e8 (webtiles) character file.

Game seed: 115836706874556895

434 Froggeryz the Ruffian (level 7, -6/57 HPs)
             Began as a Ghoul Delver on May 10, 2021.
             Was an Initiate of Gozag.
             Killed from afar by Blork the orc (10 damage)
             ... with a magic dart
             ... on level 4 of the Dungeon.
             The game lasted 00:05:36 (4174 turns).

Froggeryz the Ruffian (Ghoul Delver)                Turns: 4174, Time: 00:05:37

Health: -6/57      AC:  4    Str: 17    XL:     7   Next: 0%
Magic:  6/6        EV: 12    Int:  6    God:    Gozag
Gold:   161        SH:  0    Dex: 10    Spells: 6/6 levels left

rFire    . . .     SeeInvis .     - Unarmed
rCold    + . .     Faith    .   (no shield)
rNeg     + + +     Spirit   .   a - +0 leather armour
rPois    ∞         Reflect  .   n - +0 helmet
rElec    .         Harm     .   (no cloak)
rCorr    .         Rampage  .   (no gloves)
Will     .....                  (no boots)
Stlth    +++.......             m - amulet of regeneration
HPRegen  0.00/turn              (no ring)
MPRegen  0.10/turn              (no ring)

@: no status effects
A: claws 1, cold resistance 1, negative energy resistance 3, inhibited
regeneration, torment resistance 2, unbreathing 1
a: Renounce Religion, Potion Petition, Call Merchant, Bribe Branch


You were on level 4 of the Dungeon.
You worshipped Gozag.
Gozag was aware of your devotion.
You visited 2 branches of the dungeon, and saw 6 of its levels.

You collected 221 gold pieces.
You paid 60 gold pieces to Gozag.

Inventory:

Missiles
 g - 17 poisoned darts (quivered)
Armour
 a - a +0 leather armour (worn)
 n - a +0 helmet (worn)
Jewellery
 m - an amulet of regeneration (around neck)
 s - an amulet of guardian spirit
Wands
 f - a wand of digging (3)
 i - a wand of flame (16)
Scrolls
 b - 2 scrolls of fog
 c - a scroll of magic mapping
 d - a scroll of fear
 h - a scroll of noise
 l - a scroll of amnesia
 o - a scroll of enchant armour
 t - 3 scrolls of blinking {unknown}
Potions
 e - a potion of haste
 j - a potion of curing
 k - a potion of invisibility {unknown}
 p - a potion of degeneration {unknown}
 q - a potion of berserk rage {unknown}
 r - a potion of might


   Skills:
 - Level 3.2 Fighting
 + Level 2.7 Armour
 - Level 2.5 Dodging
 - Level 5.4 Stealth
 * Level 6.6 Unarmed Combat


You had 6 spell levels left.
You didn't know any spells.
Your spell library contained the following spells:

 Spells                   Type           Power      Damage    Failure   Level
 Corona                   Hex            0%         N/A       52%         1
 Shock                    Conj/Air       0%         1d3       52%         1
 Ensorcelled Hibernation  Hex/Ice        0%         N/A       65%         2
 Static Discharge         Conj/Air       0%         N/A       65%         2
 Confusing Touch          Hex            0%         N/A       87%         3
 Dazzling Flash           Conj/Hex       0%         N/A       87%         3
 Swiftness                Air            0%         N/A       87%         3
 Tukima's Dance           Hex            0%         N/A       87%         3
 Airstrike                Air            0%         N/A       99%         4
 Lightning Bolt           Conj/Air       0%         1d11      100%        5


Dungeon Overview and Level Annotations

Branches:
Dungeon (5/15)             Temple (1/1) D:4

Altars:
Ashenzari
Cheibriados
Dithmenos
Elyvilon
Fedhas
Gozag
Hepliaklqana
Kikubaaqudgha
Makhleb
Nemelex Xobeh
Okawaru
Qazlal
Ru
Sif Muna
Trog
Uskayaw
Vehumet
Wu Jian
Xom
Yredelemnul
The Shining One

Annotations:
D:3 3 runed translucent doors, WobbleTop's ghost, amateur OpEn
D:4 Blork the orc


Innate Abilities, Weirdness & Mutations

You thrive by killing the living.
You are immune to poison.
You have sharp fingernails.
Your flesh is cold resistant. (rC+)
You are immune to negative energy. (rN+++)
You do not regenerate when monsters are visible.
You are immune to unholy pain and torment.
You can survive without breathing.


Message History

The puff of frost hits you. You resist.
Blork the orc gestures wildly while chanting.
Blork the orc seems to speed up.
Blork the orc misses you.
Blork the orc hits you with a +0 battleaxe.
You scratch Blork the orc.
Blork the orc is lightly wounded.
Blork the orc gestures at you while chanting.
The magic dart hits you.
You barely miss Blork the orc.
Blork the orc is lightly wounded.
Blork the orc casts a spell at you. The magic dart hits you!
You claw Blork the orc!
Blork the orc is heavily wounded.
Blork the orc gestures at you while chanting.
The magic dart hits you.
Blork the orc screams, "I'll eat your brain!
And then I'll vomit it back up!"
Blork the orc looks encouraged for a moment.
You closely miss Blork the orc.
Blork the orc is heavily wounded.
Blork the orc hits you with a +0 battleaxe!
You are too injured to fight recklessly!
You are too injured to fight recklessly!
You scratch Blork the orc but do no damage.
Blork the orc is heavily wounded.
Blork the orc gestures at you while chanting.
The magic dart hits you.
* * * LOW HITPOINT WARNING * * *
You barely miss Blork the orc.
Blork the orc is heavily wounded.
Blork the orc hits you with a +0 battleaxe!
* * * LOW HITPOINT WARNING * * *
Blork the orc barely misses you.
You scratch Blork the orc.
Blork the orc is severely wounded.
Blork the orc gestures at you while chanting.
The magic dart hits you!
You die...
Your body crumbles into a pile of gold.

# # . ###### #
#################....#
######.#.......o@......#....#
#......#.#############.#....#
#.######......########.#....###
..............'.............'>#
#.##.†........########.#....#.#
#+##.##..........# #.#.>..#.#
.....##.#.....##.# #.#....#[#
.....##.##.#...#.# #........##
.....##.##.#.#.#.# ###<......#


You could see Blork the orc (fast).

Vanquished Creatures
  A sky beast (D:4)
  A scorpion (D:4)
  A howler monkey (D:4)
  An orc priest (D:4)
  2 orc wizards (D:4)
  6 adders
  An ufetubus (D:5)
  An adder skeleton (D:4)
  2 orcs (D:4)
  4 endoplasms
  6 giant cockroaches
  15 goblins
  7 hobgoblins
  18 jackals
  9 kobolds
  3 quokkas
  10 ball pythons
  3 bats
  4 frilled lizards
  8 rats
103 creatures vanquished.

Notes
Turn   | Place    | Note
-------+----------+-------------------------------------------
     0 | D:5      | Froggeryz the Ghoul Delver began the quest for the Orb.
     0 | D:5      | Reached XP level 1. HP: 19/19 MP: 0/0
    13 | D:5      | Noticed a sky beast
    64 | D:5      | Noticed an ogre
   421 | D:1      | Reached XP level 2. HP: 26/26 MP: 1/1
   604 | D:1      | Reached skill level 3 in Unarmed Combat
   859 | D:1      | Reached XP level 3. HP: 21/31 MP: 2/2
  1882 | D:2      | Reached XP level 4. HP: 36/38 MP: 3/3
  1884 | D:2      | Reached skill level 4 in Unarmed Combat
  2391 | D:3      | Found a faded altar of an unknown god.
  2445 | D:3      | Found a runed translucent gate.
  2445 | D:3      | Found a runed translucent gate.
  2447 | D:3      | Found a runed translucent gate.
  2452 | D:3      | Noticed WobbleTop's ghost (amateur OpEn)
  2535 | D:3      | Reached skill level 1 in Armour
  2668 | D:3      | Reached XP level 5. HP: 45/45 MP: 4/4
  3171 | D:4      | Killed a sky beast
  3172 | D:4      | Reached skill level 5 in Unarmed Combat
  3172 | D:4      | Reached XP level 6. HP: 37/51 MP: 5/5
  3248 | D:4      | Reached skill level 6 in Unarmed Combat
  3461 | D:4      | Found a staircase to the Ecumenical Temple.
  3576 | Temple   | Entered the Ecumenical Temple
  3873 | Temple   | Became a worshipper of Gozag Ym Sagoz the Greedy
  4040 | D:4      | Reached XP level 7. HP: 54/57 MP: 6/6
  4162 | D:4      | Noticed Blork the orc
  4174 | D:4      | Killed from afar by Blork the orc

Illustrated notes

Levels and vault maps discovered:
D:1:      ebering_trefoil_twist, layout_basic
D:2:      layout_rooms, minmay_quantized
D:3:      cheibrodos_greedy_goblins, layout_basic, ebering_ecumenical_altar_box,
          gammafunk_ghost_necromancy, minivault_23
D:4:      layout_basic, temple_doors_e, uniq_blork_the_orc
D:5:      layout_basic, uniq_menkaure, uniq_pikel, uniq_eustachio
Temple:   nicolae_temple_the_god_donut

Skill      XL: |  1  2  3  4  5  6 |
---------------+-------------------+-----
Dodging        | 2 |  2.5
Unarmed Combat | 3 4 5 6 |  6.6
Armour         | 1 2 |  2.7
Fighting       | |  3.2
Stealth        | |  5.4

Action                   |  1- 3 |  4- 6 |  7- 9 || total
-------------------------+-------+-------+-------++-------
Melee: Unarmed           |   122 |   217 |    11 ||   350
       Punch             |       |     1 |       ||     1
Throw: Dart              |     4 |       |       ||     4
  Use: Potion            |     1 |       |       ||     1
       Scroll            |       |     4 |       ||     4
 Stab: Sleeping          |     7 |     6 |       ||    13
       Distracted        |     1 |       |       ||     1
Armor: Leather armour    |    33 |    59 |     2 ||    94
Dodge: Dodged            |    90 |   159 |     2 ||   251

Table legend: (Time is in decaauts)
 A = Elapsed time spent in this place.
 B = Non-inter-level travel time spent in this place.
 C = Inter-level travel time spent in this place.
 D = Time resting spent in this place.
 E = Time spent auto-exploring this place.
 F = Levels seen in this place.
 G = Mean time per level.
                   A        B        C        D        E       F      G
               +--------+--------+--------+--------+--------+-----+--------+
         Total |   4149 |   3972 |    177 |    617 |   2443 |   6 |  691.5 |
       Dungeon |   3834 |   3673 |    161 |    617 |   2165 |   5 |  766.8 |
        Temple |    314 |    298 |     16 |      0 |    278 |   1 |  314.0 |
               +--------+--------+--------+--------+--------+-----+--------+

Top non-repeatable levels by time:
     D:1: 1432 daAuts
     D:3: 971 daAuts
     D:4: 759 daAuts
     D:2: 523 daAuts
  Temple: 314 daAuts
     D:5: 147 daAuts
